 Dungeon Crawl Stone Soup version 0.24-a0-235-g3f03afc (webtiles) character file.

Game seed: 10586250229305444518

5213 xeno23 the Slicer (level 10, -27/60 HPs)
             Began as an Octopode Assassin on Apr 6, 2019.
             Was an Elder of Uskayaw.
             Engulfed by a cloud of flame (31 damage)
             ... on level 8 of the Dungeon.
             The game lasted 00:34:15 (7799 turns).

xeno23 the Slicer (Octopode Assassin)               Turns: 7799, Time: 00:34:15

Health: -27/60     AC:  1    Str: 13    XL:     10   Next: 61%
Magic:  24/24      EV: 13    Int: 13    God:    Uskayaw [****..]
Gold:   302        SH:  3    Dex: 22    Spells: 12/15 levels left

rFire    x . .     SeeInvis .   d - +9 hunting sling of Responsibility {flame, +Fly rElec rF- Dex+5}
rCold    . . .     Gourm    .   (no shield)
rNeg     + . .     Faith    .   (helmet restricted)
rPois    .         Spirit   .   v - +3 amulet of reflection
rElec    +         Reflect  +   l - ring of stealth
rCorr    .         Harm     .   q - +2 ring of dexterity
MR       .....                  x - ring of magical power
Stlth    +++++++...             G - ring of positive energy
HPRegen  0.20/turn              R - ring of stealth
MPRegen  0.19/turn              (no ring)
                                (no ring)
                                (no ring)

@: no status effects
A: almost no armour, stealthy swim, amphibious, 8 rings, constrict 8, camouflage
1, gelatinous body 1
a: Stomp, Line Pass, Renounce Religion, Evoke Flight


You were on level 8 of the Dungeon.
You worshipped Uskayaw.
Uskayaw was noncommittal.
You were hungry.

You visited 2 branches of the dungeon, and saw 9 of its levels.
You also visited: Ossuary.

You collected 444 gold pieces.
You spent 142 gold pieces at shops.

Inventory:

Hand Weapons
 a - a +2 short sword of protection
 d - the +9 hunting sling of Responsibility (weapon) {flame, +Fly rElec rF- Dex+5}
   (You took it off an orc on level 5 of the Dungeon)

   It causes projectiles fired from it to burn those they strike, causing extra
   injury to most foes and up to half again as much damage against particularly
   susceptible opponents.
   It affects your dexterity (+5).
   It makes you vulnerable to fire.
   It insulates you from electricity.
   It lets you fly.
 s - a +0 blowgun
Missiles
 c - 30 poisoned needles
 I - 2 curare-tipped needles
 J - 56 sling bullets (quivered)
 O - a throwing net
Jewellery
 l - a ring of stealth (left tentacle)
 q - a +2 ring of dexterity (right tentacle)
 v - a +3 amulet of reflection (around mantle)
 x - a ring of magical power (on tentacle)
 E - an uncursed ring of ice
 G - a ring of positive energy (on tentacle)
 R - a ring of stealth (on tentacle)
Wands
 K - a wand of flame (21)
Scrolls
 e - a scroll of identify
 h - 6 scrolls of remove curse
 j - a scroll of enchant armour
 m - 2 scrolls of blinking
 n - 9 scrolls of teleportation
 o - 2 scrolls of enchant weapon
 u - 4 scrolls of amnesia
 w - a scroll of holy word {unknown}
 y - a scroll of fog
 z - a scroll of noise
 D - a scroll of torment {unknown}
 F - a scroll of immolation
Potions
 b - a potion of brilliance
 g - 2 potions of agility
 i - 2 potions of berserk rage
 k - a potion of cancellation
 p - a potion of haste
 r - 6 potions of curing
 t - 2 potions of ambrosia
 A - a potion of degeneration {unknown}
 B - a potion of magic {unknown}
 C - a potion of invisibility
 H - a potion of resistance {unknown}
 L - 2 potions of heal wounds
 M - a potion of flight {unknown}
 N - a potion of might
 P - a potion of mutation {unknown}
 S - a potion of lignification {unknown}
Comestibles
 f - 14 rations
 Q - 5 chunks of flesh


   Skills:
 - Level 2.0 Fighting
 + Level 9.7 Short Blades
 + Level 8.5(8.6) Slings
 - Level 2.0(5.7) Throwing
 - Level 1.0 Dodging
 - Level 8.5 Stealth
 - Level 3.4 Spellcasting
 - Level 5.8 Hexes


You had 12 spell levels left.
You knew the following spells:

 Your Spells              Type           Power        Failure   Level  Hunger
a - Confuse               Hex            ###.....     6%          3    ###....

Your spell library contained the following spells:

 Spells                   Type           Power        Failure   Level  Hunger
 Confusing Touch          Hex            ###...       1%          1    #......
 Slow                     Hex            ###.....     3%          2    ##.....
 Summon Guardian Golem    Hex/Summ       #.......     21%         3    ###....
 Magic Dart               Conj           #...         22%         1    #......
 Summon Small Mammal      Summ           #...         22%         1    #......
 Blink                    Tloc           N/A          32%         2    ##.....
 Call Imp                 Summ           #.......     32%         2    ##.....
 Call Canine Familiar     Summ           #.......     54%         3    ###....
 Conjure Flame            Conj/Fire      #.......     54%         3    ###....
 Gell's Gravitas          Tloc           #.........   54%         3    ###....
 Mephitic Cloud           Conj/Pois/Air  #.......     54%         3    ###....
 Metabolic Englaciation   Hex/Ice        #.........   88%         5    ######.
 Yara's Violent Unravell  Hex/Tmut       #.........   88%         5    ######.
 Petrify                  Tmut/Erth      #.......     91%         4    #####..
 Summon Ice Beast         Ice/Summ       #.......     91%         4    #####..
 Summon Lightning Spire   Summ/Air       #.......     91%         4    #####..


Dungeon Overview and Level Annotations

Branches:
Dungeon (8/15)             Temple (1/1) D:7
   Lair: D:8-11

Altars:
Ashenzari
Cheibriados
Dithmenos
Elyvilon
Fedhas
Gozag
Hepliaklqana
Kikubaaqudgha
Makhleb
Nemelex Xobeh
Okawaru
Ru
Trog
Uskayaw
Vehumet
Wu Jian
Yredelemnul
Zin

Shops:
D:4 ?   D:6 !

Annotations:
D:3 Grinder


Innate Abilities, Weirdness & Mutations

You cannot wear most types of armour.
You are very stealthy in the water. (Stealth+)
You are amphibious.
You can wear up to eight rings at the same time.
You can use your tentacles to constrict eight enemies at once.
Your skin changes colour to match your surroundings (Stealth+).
Your rubbery body absorbs attacks. (AC +1, EV +1)


Message History

Firing (i - inventory. (/) - cycle)
J - 57 sling bullets (quivered)
Press: ? - help, Shift-Dir - straight line, f/p - yak
Aim: a yak (moderately wounded, sharing its pain, inner flame)
You shoot a sling bullet. The sling bullet hits the yak!
The yak explodes!
The fiery explosion engulfs the dream sheep!!!
The dream sheep explodes!
The fiery explosion engulfs the dream sheep!!!
The dream sheep explodes!
The fiery explosion engulfs the big kobold!!!
The big kobold explodes!
You hear a splash.
The sling bullet burns the yak.
The yak explodes!
The fiery explosion engulfs you!! The fire burns you terribly!
Ouch! That really hurt!
* * * LOW HITPOINT WARNING * * *
You are engulfed in blazing flames.
Ouch! That really hurt!
You die...

##'''###+#
#..%..P≈.#
#..P%%≈≈P#
#....KP≈≈#
#...Y..≈P#
#.≈.()≈PP# #(##
####.§#######
#...%§§§§§@.#
#..(%§§§###.#
#....§..# .#
####.......# .#
#<.........# .#
####.##.......#
.#
......†.....>.#
.#
.....#........##
.#
######.........#


There were no monsters in sight!

Vanquished Creatures
  Joseph (D:7)
  2 dream sheep (D:8)
  Sigmund (D:6)
  2 yaks (D:8)
  Edmund (D:6)
  2 ice beasts
  2 sky beasts
  A black bear (D:8)
  4 ogres
  A necrophage (D:7)
  6 centaurs
  3 big kobolds (D:8)
  2 bullfrogs
  2 wyvern zombies
  A gnoll sergeant (D:6)
  6 scorpions
  5 wights (D:8)
  2 crimson imps
  6 centaur zombies (Ossuary)
  7 bullfrog zombies
  3 hounds
  4 jellies
  A centaur skeleton (D:5)
  An orc priest (D:6)
  2 orc wizards
  2 iguanas
  4 worker ants
  2 killer bee zombies (Ossuary)
  3 hound zombies
  16 mummies
  A howler monkey zombie (Ossuary)
  A worker ant zombie (Ossuary)
  9 gnolls
  A river rat (D:4)
  7 adders
  2 shadow imps (D:5)
  5 oozes
  3 adder skeletons
  4 adder zombies
  4 worms
  7 leopard geckos
  10 orcs
  6 bats
  6 giant cockroaches
  4 goblins
  6 hobgoblins
  7 jackals
  2 quokkas
  9 frilled lizards
  A jackal zombie (D:4)
  13 kobolds
  A leopard gecko skeleton (D:6)
  2 leopard gecko zombies (Ossuary)
  A quokka skeleton (D:6)
  A quokka zombie (Ossuary)
  16 rats
  A rat zombie (D:4)
225 creatures vanquished.

Vanquished Creatures (others)
  A withered plant (Ossuary)
1 creature vanquished.

Grand Total: 226 creatures vanquished

Notes
Turn   | Place    | Note
-------+----------+-------------------------------------------
     0 | D:1      | xeno23 the Octopode Assassin began the quest for the Orb.
     0 | D:1      | Reached XP level 1. HP: 14/14 MP: 1/1
    62 | D:1      | Reached XP level 2. HP: 7/19 MP: 2/2
   382 | D:1      | Reached skill level 3 in Short Blades
   382 | D:1      | Reached XP level 3. HP: 23/24 MP: 3/3
   953 | D:2      | Reached XP level 4. HP: 29/29 MP: 4/4
   999 | D:2      | Found a white marble altar of Elyvilon.
  1359 | D:3      | Learned a level 3 spell: Confuse
  1984 | D:3      | Found a faded altar of an unknown god.
  2079 | D:3      | Noticed Grinder
  2284 | D:4      | Found an iron altar of Okawaru.
  2286 | D:4      | Reached skill level 1 in Hexes
  2332 | D:4      | Found Icleam's Magic Scroll Emporium.
  2338 | D:4      | Reached XP level 5. HP: 34/34 MP: 5/5
  2349 | D:4      | Reached skill level 4 in Short Blades
  2423 | D:4      | Found a sand-covered staircase.
  2434 | D:4      | Reached skill level 1 in Spellcasting
  2442 | Ossuary  | Entered an ossuary
  2461 | Ossuary  | Reached XP level 6. HP: 35/39 MP: 4/7
  2693 | Ossuary  | Reached XP level 7. HP: 11/45 MP: 9/9
  2694 | Ossuary  | Reached skill level 5 in Short Blades
  3168 | Ossuary  | Reached XP level 8. HP: 34/50 MP: 11/11
  3502 | D:4      | Reached skill level 6 in Short Blades
  3970 | D:5      | Entered Level 5 of the Dungeon
  3979 | D:4      | Bought a scroll of teleportation for 36 gold pieces
  3979 | D:4      | Bought a scroll of teleportation for 36 gold pieces
  4023 | D:5      | Reached skill level 5 in Hexes
  4292 | D:5      | Found a sacrificial altar of Ru.
  4451 | D:5      | Identified the +9 hunting sling of Responsibility {flame,
                  | +Fly rElec rF- Dex+5}
  4706 | D:5      | Found a blossoming altar of Fedhas.
  5370 | D:7      | Found a staircase to the Ecumenical Temple.
  5379 | Temple   | Entered the Ecumenical Temple
  5425 | Temple   | Became a worshipper of Uskayaw the Reveler
  5468 | D:7      | Reached * piety under Uskayaw
  5470 | D:7      | Reached skill level 1 in Slings
  5470 | D:7      | Reached XP level 9. HP: 32/54 MP: 14/14
  5470 | D:7      | Reached ** piety under Uskayaw
  5472 | D:7      | Reached *** piety under Uskayaw
  5539 | D:7      | Noticed Joseph
  5589 | D:7      | Killed Joseph
  5618 | D:7      | Reached skill level 7 in Short Blades
  5618 | D:7      | Reached skill level 5 in Slings
  5753 | D:7      | Reached **** piety under Uskayaw
  5882 | D:6      | Noticed Edmund
  5884 | D:6      | Killed Edmund
  6145 | D:6      | Reached skill level 8 in Short Blades
  6442 | D:6      | Found Neunefo's Distillery.
  6450 | D:6      | Bought a potion of heal wounds for 70 gold pieces
  6563 | D:6      | Reached XP level 10. HP: 54/60 MP: 15/15
  6621 | D:6      | Noticed Sigmund
  6632 | D:6      | Killed Sigmund
  6890 | D:6      | Found an ornate altar of the Wu Jian Council.
  7159 | D:7      | Found a basalt altar of Yredelemnul.
  7184 | D:7      | Reached skill level 9 in Short Blades
  7632 | D:8      | Found a snail-covered altar of Cheibriados.
  7715 | D:8      | Found a blossoming altar of Fedhas.
  7799 | D:8      | Engulfed by a cloud of flame

Levels and vault maps discovered:
D:1:      nzn_arrival_water_spiral, layout_basic, st_stairs_10
D:2:      layout_basic, lemuel_doored_altar, serial_bayou_crossing
D:3:      layout_basic, led_sif_book, chequers_ecumenical_altar_simple_redux,
          uniq_grinder
D:4:      layout_rooms, portal_sewer_entry_b, serial_shops, shop_scrolls,
          enter_ossuary_3, okawaru_gym_becter
D:5:      layout_loops_ring, old_standard_altar, first_ration,
          corexii_checkpoint_a, minmay_misc_feat_secret_circle,
          kennysheep_minor_cross, nicolae_ru_sacrificial_ziggurat
D:6:      layout_gridville, lemuel_crystal_altar, serial_shops,
          nicolae_shop_trees, uniq_edmund, uniq_sigmund
D:7:      layout_basic, lemuel_coloured_pillars_altar, lemuel_temple_firewalk_b,
          uniq_joseph
D:8:      layout_loops_ring, lemuel_crystal_altar, slow_altar_1,
          doesnt_xom_only_xom, enter_bailey_8, hangedman_ranch
          [blue_anna_fruit_fields], fedhas_ov_isle_minmay
Temple:   nicolae_temple_god_jail
Ossuary:  ossuary_zaba_flooded

Skill      XL: |  1  2  3  4  5  6  7  8  9 10 |
---------------+-------------------------------+-----
Short Blades   | 3 4 5 6 8 9 |  9.7
Stealth        | 6 7 8 |  8.5
Hexes          | 1 2 3 4 5 |  5.8
Spellcasting   | 1 2 3 |  3.4
Slings         | 1 6 8 |  8.5
Fighting       | |  2.0
Throwing       | |  2.0
Dodging        | |  1.0

Action                   |  1- 3 |  4- 6 |  7- 9 | 10-12 || total
-------------------------+-------+-------+-------+-------++-------
Melee: Dagger            |    66 |       |       |       ||    66
       Tentacles         |    16 |    20 |    50 |    11 ||    97
       Constrict         |    15 |    15 |    48 |     5 ||    83
       Short sword       |    11 |   101 |   267 |    46 ||   425
 Fire: Hunting sling     |       |       |    55 |    63 ||   118
 Cast: Confuse           |       |     3 |    12 |     1 ||    16
  Use: Scroll            |       |     9 |     4 |     3 ||    16
       Potion            |       |     3 |       |       ||     3
 Stab: Sleeping          |     7 |    21 |    20 |     4 ||    52
       Distracted        |     1 |       |     7 |       ||     8
       Confused          |       |       |     2 |       ||     2
       Paralysed         |       |       |     1 |     1 ||     2
  Eat: Chunk             |       |     6 |    10 |     4 ||    20
       Ration            |       |       |     1 |       ||     1
Armor: Skin              |     5 |    18 |    51 |    10 ||    84
Dodge: Dodged            |    31 |    34 |   100 |    21 ||   186
Block: Other             |       |     2 |    14 |     6 ||    22
       Reflection        |       |       |       |     3 ||     3

Table legend:
 A = Non-vault XP
 B = Vault XP
 C = Vault XP percentage of total XP
 D = Non-vault monster count
 E = Vault monster count
 F = Vault count percentage of total count
                 A         B        C        D         E       F
            +---------+---------+-------+---------+---------+-------
      Total |    4372 |    3076 |  41.3 |     162 |      63 |  28.0
            +---------+---------+-------+---------+---------+-------
        D:1 |      55 |       6 |   9.8 |      30 |       4 |  11.8
        D:2 |      27 |       0 |   0.0 |       9 |       0 |   0.0
        D:3 |      49 |       0 |   0.0 |      15 |       0 |   0.0
        D:4 |     329 |      20 |   5.7 |      18 |       7 |  28.0
        D:5 |     564 |       4 |   0.7 |      24 |       2 |   7.7
        D:6 |    1620 |     378 |  18.9 |      33 |       2 |   5.7
        D:7 |     960 |     455 |  32.2 |      15 |       1 |   6.2
        D:8 |     768 |    1138 |  59.7 |      18 |       7 |  28.0
    Ossuary |       0 |    1075 | 100.0 |       0 |      40 | 100.0
            +---------+---------+-------+---------+---------+-------
